AoeStats
← zapato3103

MegaRandom

509521347Analyzed
3v3 RM · 6d ago on Sep 27, 2026· 52m 31s· 6 players
Game mode
Random Map
Map size
Normal (6 player)
Population
200
Speed
Normal
Resources
Standard
Victory
Conquest
Starting age
Dark Age
Ending age
Imperial Age
RankedLock teamsTeams togetherTeam positionsShared explorationLock speedFull tech treeHidden civsTurbo modeCheats
Victory
Defeat
🇺🇸 Varangians · United States
1230
+13
🇲🇽 Gurjaras · Mexico
1164
+15
🇲🇽 Saxons · Mexico
1164
+15
🇺🇸 Magyars · United States
1179
-15
🇺🇸 Lithuanians · United States
1155
-15
🇺🇸 Khmer · United States
1121
-13
jscheng35
7:23 Loom
12:01 Feudal Age
12:58 Double-Bit Axe
16:52 Bloodlines
24:47 Castle Age
26:04 Husbandry
25:25 Light Cavalry
30:44 Bow Saw
31:10 Wheelbarrow
32:09 Town Watch
34:21 Scale Barding Armor
35:41 Town Patrol
36:54 Scale Mail Armor
37:56 Chain Mail Armor
38:44 Corvinian Army
39:54 Chain Barding Armor
40:47 Hand Cart
47:16 Imperial Age
48:21 Conscription
47:59 Elite Magyar Huszar
48:40 Recurve Bow
50:22 Elite Skirmisher
51:08 Thumb Ring
52:14 Padded Archer Armor
52:04 Fletching
Wise Frog
10:50 Feudal Age
11:31 Loom
12:14 Horse Collar
12:27 Gold Mining
12:25 Double-Bit Axe
13:44 Wheelbarrow
20:18 Castle Age
24:39 Imperial Age
22:48 Hand Cart
22:56 Hand Cart
22:26 Town Watch
24:54 Bow Saw
24:47 Heavy Plow
24:40 Stone Mining
30:37 Ballistics
30:12 Fletching
30:28 Scale Barding Armor
33:03 Conscription
33:14 Chain Barding Armor
34:39 Double Crossbow
35:57 Gold Shaft Mining
36:03 Stone Shaft Mining
37:00 Plate Barding Armor
38:17 Elite Ballista Elephant
39:34 Hoardings
40:48 Bodkin Arrow
42:13 Bracer
42:22 Siege Engineers
42:13 Murder Holes
43:19 Chemistry
42:30 Masonry
47:11 Forging
moomoothecow
10:06 Loom
11:54 Feudal Age
17:12 Castle Age
15:20 Horse Collar
16:54 Double-Bit Axe
19:25 Gold Mining
20:14 Husbandry
21:16 Wheelbarrow
21:41 Forging
23:03 Hand Cart
24:31 Bloodlines
25:07 Fervor
25:32 Stone Mining
25:32 Town Watch
26:36 Iron Casting
26:07 Scale Barding Armor
37:26 Imperial Age
35:33 Fletching
42:52 Chemistry
43:30 Bodkin Arrow
47:11 Bow Saw
49:22 Hoardings
50:20 Two-Man Saw
50:40 Chain Barding Armor
50:20 Bracer
49:54 Light Cavalry
50:53 Winged Hussar
52:14 Plate Barding Armor
theshyforest
6:01 Loom
11:31 Feudal Age
13:19 Double-Bit Axe
17:14 Bloodlines
17:55 Horse Collar
22:35 Castle Age
22:50 Light Cavalry
23:31 Husbandry
25:06 Forging
25:01 Scale Barding Armor
25:15 Bow Saw
29:15 Iron Casting
31:09 Wheelbarrow
32:17 Squires
33:36 Chain Barding Armor
33:20 Arson
36:24 Scale Mail Armor
36:55 Pikeman
38:32 Fishing Lines
39:22 Gold Mining
39:26 Stone Mining
39:51 Gillnets
41:05 Hand Cart
43:46 Imperial Age
43:09 Stone Shaft Mining
44:10 Coinage
44:30 Ballistics
44:41 Chain Mail Armor
43:51 Gothikon
44:38 Elite Varangian Guard
46:19 Herbal Medicine
47:39 Conscription
47:54 Plate Mail Armor
47:48 Caravan
49:41 Town Watch
50:58 Blast Furnace
49:41 Halberdier
50:07 Gambesons
52:50 Guilds
53:11 Banking
Gamaleon
8:05 Loom
10:21 Feudal Age
10:52 Double-Bit Axe
10:47 Horse Collar
19:29 Castle Age
18:43 Forging
20:45 Scale Barding Armor
20:54 Bow Saw
20:46 Heavy Plow
23:27 Iron Casting
25:08 Town Watch
27:14 Bloodlines
28:01 Wheelbarrow
27:38 Husbandry
37:03 Imperial Age
35:42 Kshatriyas
36:13 Chain Barding Armor
35:55 Scale Mail Armor
38:45 Conscription
38:04 Heavy Camel Rider
38:18 Elite Shrivamsha Rider
39:40 Plate Barding Armor
39:48 Gold Mining
40:23 Hand Cart
40:46 Crop Rotation
40:11 Fletching
42:01 Town Patrol
41:58 Bodkin Arrow
41:28 Light Cavalry
41:56 Onager
43:03 Caravan
46:02 Chemistry
46:53 Bracer
zapato3103
1:13 Loom
1:36 Loom
8:37 Loom
10:25 Feudal Age
11:30 Double-Bit Axe
23:27 Castle Age
21:24 Horse Collar
22:38 Fletching
23:00 Forging
23:57 Padded Archer Armor
25:14 Bodkin Arrow
24:47 Crossbowman
25:08 Pikeman
30:54 Leather Archer Armor
31:49 Scale Mail Armor
33:03 Ballistics
33:33 Heavy Plow
36:53 Wheelbarrow
36:04 Town Watch
39:23 Gold Mining
42:21 Imperial Age
40:40 Hand Cart
40:31 Town Patrol
41:13 Iron Casting
40:53 Chain Mail Armor
42:56 Thumb Ring
42:26 Onager
43:02 Arbalester
44:02 Bracer
43:34 Capped Ram
47:29 Heavy Scorpion
47:32 Elite Hearth Troop
51:14 Ring Archer Armor
51:15 Plate Mail Armor
51:49 Chemistry
Connection lost

Rejoining the realm…

Still unreachable

The connection could not be restored.

Session expired

The server has moved on; the page needs a fresh start.